 Dungeon Crawl Stone Soup version 0.26-a0-651-gb41185065b (webtiles) character file.

Game seed: 2342945473393774102

6954 Kraken2834 the Blocker (level 10, -21/88 HPs)
             Began as a Minotaur Fighter on Sept 30, 2020.
             Was a High Priest of Okawaru.
             Demolished by a death yak (23 damage)
             ... on level 10 of the Dungeon.
             The game lasted 00:34:33 (8928 turns).

Kraken2834 the Blocker (Minotaur Fighter)           Turns: 8928, Time: 00:34:33

Health: -21/88     AC:  6    Str: 24    XL:     10   Next: 80%
Magic:  9/9        EV: 11    Int:  5    God:    Okawaru [*****.]
Gold:   373        SH: 18    Dex: 10    Spells: 9/9 levels left

rFire    . . .     SeeInvis .   I - +4 flail
rCold    + + .     Faith    .   g - +0 kite shield
rNeg     . . .     Spirit   .   L - +0 steam dragon scales
rPois    .         Reflect  +   (helmet restricted)
rElec    .         Harm     .   O - scarf {rC+ rF+}
rCorr    .         Rampage  .   o - +0 pair of gloves
MR       +....                  (no boots)
Stlth    +.........             p - amulet of reflection
HPRegen  0.24/turn              x - ring of protection from magic
MPRegen  0.11/turn              u - ring of ice

@: lethally poisoned (-21 -> -21)
A: retaliatory headbutt, horns 2
a: Heroism, Finesse, Renounce Religion


You were on level 10 of the Dungeon.
You worshipped Okawaru.
Okawaru was extremely pleased with you.
You visited 2 branches of the dungeon, and saw 11 of its levels.

You collected 373 gold pieces.

Inventory:

Hand Weapons
 a - a +0 flail
 B - a +0 mace
 I - a +4 flail (weapon)
Armour
 c - a +0 kite shield
 g - a +0 kite shield (worn)
 o - a +0 pair of gloves (worn)
 K - a +2 hat
 L - +0 steam dragon scales (worn)
 O - a scarf of resistance (worn)
Jewellery
 j - an uncursed ring of protection from cold
 p - an amulet of reflection (around neck)
 u - a ring of ice (right hand)
 x - a ring of protection from magic (left hand)
 J - an uncursed amulet of regeneration {unknown}
Wands
 b - a wand of paralysis (10)
 r - a wand of random effects (15)
 G - a wand of flame (48)
Scrolls
 e - a scroll of random uselessness
 f - 4 scrolls of enchant weapon {unknown}
 h - 7 scrolls of identify
 m - 5 scrolls of remove curse
 t - 3 scrolls of teleportation
 w - a scroll of noise {unknown}
 y - a scroll of fear {unknown}
 A - 2 scrolls of immolation {unknown}
 C - 3 scrolls of fog
 F - a scroll of enchant armour {unknown}
 N - a scroll of magic mapping {unknown}
Potions
 d - 3 potions of might
 i - 2 potions of invisibility {unknown}
 k - 2 potions of brilliance {unknown}
 l - 3 potions of curing {unknown}
 n - 4 potions of flight {unknown}
 q - 3 potions of haste {unknown}
 s - a potion of resistance {unknown}
 v - 2 potions of ambrosia {unknown}
 z - 3 potions of mutation {unknown}
 D - a potion of cancellation {unknown}
 E - a potion of lignification {unknown}
 H - 2 potions of stabbing {unknown}
 M - a potion of heal wounds {unknown}


   Skills:
 + Level 8.0 Fighting
 + Level 11.4 Maces & Flails
 - Level 3.6 Armour
 - Level 0.4 Dodging
 - Level 0.1 Stealth
 * Level 14.3 Shields
 - Level 0.8 Invocations


You had 9 spell levels left.
You didn't know any spells.
Your spell library contained the following spells:

 Spells                   Type           Power        Failure   Level
 Beastly Appendage        Tmut           #.....       50%         1
 Corona                   Hex            #......      50%         1
 Foxfire                  Conj/Fire      #...         50%         1
 Ensorcelled Hibernation  Hex/Ice        #.....       65%         2
 Wereblood                Tmut           #.......     65%         2
 Confusing Touch          Hex            #.......     86%         3
 Conjure Flame            Conj/Fire      #.......     86%         3
 Dazzling Flash           Conj/Hex       #.....       86%         3
 Inner Flame              Hex/Fire       #.......     86%         3
 Spider Form              Tmut/Pois      #.........   86%         3
 Tukima's Dance           Hex            #.......     86%         3
 Ice Form                 Ice/Tmut       #.......     99%         4
 Sticky Flame             Conj/Fire      #.......     99%         4
 Blade Hands              Tmut           #.........   100%        5
 Fireball                 Conj/Fire      #.........   100%        5


Dungeon Overview and Level Annotations

Branches:
Dungeon (10/15)            Temple (1/1) D:4
   Lair: D:8-11         Orc: D:9-12

Altars:
Ashenzari
Cheibriados
Dithmenos
Elyvilon
Fedhas
Gozag
Hepliaklqana
Kikubaaqudgha
Makhleb
Nemelex Xobeh
Okawaru
Qazlal
Ru
Sif Muna
Trog
Uskayaw
Vehumet
Wu Jian
Xom
Yredelemnul
Zin
The Shining One

Shops:
D:7 *!


Innate Abilities, Weirdness & Mutations

You reflexively headbutt those who attack you in melee.
You have a pair of horns on your head.


Message History

You block the death yak's attack. x2
You hit the death yak.
The death yak is almost dead.
You block the death yak's attack.
You hit the death yak.
The death yak is almost dead.
You feel sick. The death yak gores you!
* * * LOW HITPOINT WARNING * * *
You block the death yak's attack.
Okay, then.
You feel like a meek peon again.
You feel sick.
You feel sick. You block the death yak's attack.
You feel sick.
You feel sick.
There is a stone staircase leading up here.
You don't know any spells.
The death yak gores you!!
You die...

.###.##.# ..#
........##†.##.#.
#.........>..$...
..#.##.##Z###.##
#.##Z# #.# #
##.##.###.###
#.#...#.......
#.......###Z#########
#.......Z.YFY@?.....#
##......###########.#
##...#.# ###.##.#
#...##.#######
##............#
........#####.#
.....#### #.# ##.##
#.#


You could see 2 death yaks, a bullfrog, a hound skeleton and a bullfrog
skeleton.

Vanquished Creatures
  Pikel (D:6)
  Joseph (D:9)
  Grinder (D:6)
  A hornet (D:9)
  4 hippogriffs
  Sigmund (D:6)
  A vampire (D:10)
  A wyvern (D:8)
  A steam dragon (D:8)
  Menkaure (D:6)
  A water moccasin (D:10)
  An ice beast (D:9)
  2 orc warriors
  A black bear (D:8)
  An eye of draining (D:8)
  A phantom (D:9)
  A hornet zombie (D:9)
  6 ogres
  2 centaurs
  2 big kobolds
  6 bullfrogs
  A water moccasin skeleton (D:8)
  A wyvern skeleton (D:8)
  4 scorpions
  7 wights
  5 killer bees (D:10)
  3 howler monkeys
  A bullfrog zombie (D:7)
  A centaur zombie (D:8)
  A quasit (D:7)
  7 hounds
  2 bullfrog skeletons (D:4)
  2 jellies
  2 centaur skeletons
  An orc priest (D:8)
  3 iguanas
  9 orc wizards
  6 worker ants
  2 worker ant zombies
  2 howler monkey zombies
  8 gnolls
  6 adders
  A shadow imp (D:8)
  4 white imps
  An ufetubus (D:7)
  2 adder zombies
  An adder skeleton (D:4)
  5 worms
  2 dart slugs
  7 leopard geckos
  23 orcs
  3 ball pythons
  7 giant cockroaches
  5 goblins
  5 hobgoblins
  20 jackals
  13 kobolds
  5 quokkas
  5 bats
  4 frilled lizards
  A jackal skeleton (D:4)
  6 rats
231 creatures vanquished.

Vanquished Creatures (others)
  A kobold (D:5)
1 creature vanquished.

Grand Total: 232 creatures vanquished

Notes
Turn   | Place    | Note
-------+----------+-------------------------------------------
     0 | D:1      | Kraken2834 the Minotaur Fighter began the quest for the
                  | Orb.
     0 | D:1      | Reached XP level 1. HP: 19/19 MP: 0/0
   228 | D:1      | Reached XP level 2. HP: 27/27 MP: 1/1
   411 | D:1      | Reached skill level 4 in Shields
   535 | D:1      | Reached XP level 3. HP: 34/34 MP: 2/2
  1852 | D:2      | Reached XP level 4. HP: 41/41 MP: 3/3
  2468 | D:3      | Reached XP level 5. HP: 45/47 MP: 4/4
  2695 | D:3      | Reached skill level 5 in Shields
  2947 | D:4      | Reached skill level 5 in Maces & Flails
  2958 | D:4      | Noticed an ogre
  2966 | D:4      | Killed an ogre
  2966 | D:4      | Reached XP level 6. HP: 35/55 MP: 5/5
  2969 | D:4      | Reached skill level 6 in Shields
  3163 | D:4      | Found a staircase to the Ecumenical Temple.
  3176 | Temple   | Entered the Ecumenical Temple
  3194 | Temple   | Became a worshipper of Warmaster Okawaru
  3312 | D:4      | Reached skill level 5 in Fighting
  3761 | D:5      | Entered Level 5 of the Dungeon
  3837 | D:5      | Reached XP level 7. HP: 51/61 MP: 6/6
  3978 | D:5      | Reached skill level 7 in Shields
  4163 | D:5      | Reached * piety under Okawaru
  4404 | D:5      | Found a glowing golden altar of the Shining One.
  4406 | D:5      | Found a hazy altar of Hepliaklqana.
  4409 | D:5      | Found a white marble altar of Elyvilon.
  4560 | D:5      | Found a snail-covered altar of Cheibriados.
  4742 | D:5      | Reached skill level 8 in Shields
  4755 | D:5      | Reached XP level 8. HP: 69/69 MP: 4/7
  4803 | D:6      | Noticed Pikel
  4825 | D:6      | Killed Pikel
  4825 | D:6      | Reached ** piety under Okawaru
  4825 | D:6      | Reached skill level 9 in Shields
  5193 | D:6      | Noticed Menkaure
  5203 | D:6      | Killed Menkaure
  5203 | D:6      | Reached skill level 10 in Shields
  5401 | D:6      | Noticed Sigmund
  5409 | D:6      | Killed Sigmund
  5409 | D:6      | Reached XP level 9. HP: 78/78 MP: 5/8
  5463 | D:6      | Found a radiant altar of Vehumet.
  5468 | D:6      | Noticed Grinder
  5490 | D:6      | Killed Grinder
  5490 | D:6      | Reached *** piety under Okawaru
  5540 | D:6      | Reached skill level 11 in Shields
  5590 | D:6      | Found a shimmering blue altar of Sif Muna.
  6000 | D:7      | Reached skill level 12 in Shields
  6087 | D:7      | Found Jubivvy's Distillery.
  6158 | D:7      | Reached **** piety under Okawaru
  6469 | D:7      | Found Bitub's General Store.
  6713 | D:8      | Reached skill level 10 in Maces & Flails
  6761 | D:8      | Found a hide-covered altar of Uskayaw.
  6891 | D:8      | Reached XP level 10. HP: 73/84 MP: 9/9
  7061 | D:8      | Reached skill level 13 in Shields
  7286 | D:8      | Reached ***** piety under Okawaru
  7956 | D:9      | Noticed Joseph
  7970 | D:9      | Killed Joseph
  8226 | D:9      | Found a stormy altar of Qazlal.
  8588 | D:9      | Received a gift from Okawaru
  8743 | D:10     | Entered Level 10 of the Dungeon
  8782 | D:10     | Reached skill level 14 in Shields
  8893 | D:10     | Noticed a death yak
  8895 | D:10     | Noticed a death yak
  8900 | D:10     | Noticed a death yak
  8913 | D:10     | HP: 2/88 [death yak (15)]
  8919 | D:10     | HP: 2/88 [poisoned by a killer bee]
  8927 | D:10     | HP: 2/88 [poisoned by a killer bee]
  8928 | D:10     | Demolished by a death yak

Illustrated notes

Levels and vault maps discovered:
D:1:      minmay_arrival_cross, layout_basic, kennysheep_another_room,
          corexii_leaking_fountain
D:2:      layout_loops_corners
D:3:      layout_loops_corners
D:4:      layout_cave_pools, temple_hall
D:5:      layout_basic, slow_altar_2, grunt_temple_overflow_open
D:6:      layout_rooms, kennysheep_little_box, lemuel_crystal_altar, uniq_pikel,
          uniq_menkaure, uniq_grinder, uniq_sigmund
D:7:      layout_basic, serial_shops, nicolae_shop_behind_doors,
          nicolae_shop_temple_entry_statues_fountains
D:8:      wander_river, layout_loops_ring, eat_drink_and_be_merry_uskayaw,
          st_stairs_10
D:9:      layout_rooms, nicolae_qazlal_style_of_elements, chequers_garden,
          uniq_joseph
D:10:     layout_loops_ring, dpeg_lair_monsters, glass_columns_a
Temple:   zaba_magenta_temple

Skill      XL: |  1  2  3  4  5  6  7  8  9 10 |
---------------+-------------------------------+-----
Fighting       | 4 5 6 8 |  8.0
Shields        | 4 5 6 8 10 12 14 | 14.3
Maces & Flails | 3 4 5 6 7 9 10 11 | 11.4
Armour         | |  3.6
Dodging        | |  0.4
Stealth        | |  0.1
Invocations    | |  0.8

Action                   |  1- 3 |  4- 6 |  7- 9 | 10-12 || total
-------------------------+-------+-------+-------+-------++-------
Melee: Mace              |   103 |   153 |   259 |       ||   515
       Headbutt          |    11 |    31 |    73 |    46 ||   161
       Flail             |       |       |    50 |   206 ||   256
Invok: Heroism           |       |       |     4 |     7 ||    11
  Use: Scroll            |       |       |     5 |       ||     5
Armor: Scale mail        |    33 |    45 |    56 |    12 ||   146
       Steam dragon scal |       |       |       |    14 ||    14
Dodge: Dodged            |    31 |    29 |    64 |    55 ||   179
Block: Kite shield       |    50 |   116 |   224 |   180 ||   570
       Reflection        |       |     3 |     7 |    13 ||    23

Table legend: (Time is in decaauts)
 A = Elapsed time spent in this place.
 B = Non-inter-level travel time spent in this place.
 C = Inter-level travel time spent in this place.
 D = Time resting spent in this place.
 E = Time spent auto-exploring this place.
 F = Levels seen in this place.
 G = Mean time per level.
                   A        B        C        D        E       F      G
               +--------+--------+--------+--------+--------+-----+--------+
         Total |   8965 |   8760 |    205 |    448 |   6533 |  11 |  815.0 |
       Dungeon |   8881 |   8696 |    185 |    448 |   6488 |  10 |  888.1 |
        Temple |     83 |     63 |     20 |      0 |     45 |   1 |   83.0 |
               +--------+--------+--------+--------+--------+-----+--------+

Top non-repeatable levels by time:
     D:8: 1279 daAuts
     D:1: 1098 daAuts
     D:5: 1053 daAuts
     D:2: 949 daAuts
     D:6: 948 daAuts
     D:3: 930 daAuts
     D:7: 916 daAuts
     D:9: 773 daAuts
     D:4: 759 daAuts
    D:10: 171 daAuts
  Temple: 83 daAuts
